 Dungeon Crawl Stone Soup version 0.28-a0-1199-gef9e1dbd39 (webtiles) character file.

Game seed: 6266577390627396750

8817 mcbry74 the Severer (level 11, -16/102 HPs)
             Began as a Hill Orc Fighter on Dec 20, 2021.
             Was a Believer of Makhleb.
             Demolished by a white ugly thing (26 damage)
             ... on level 12 of the Dungeon.
             The game lasted 00:37:19 (13813 turns).

mcbry74 the Severer (Hill Orc Fighter)             Turns: 13813, Time: 00:37:19

Health: -16/102    AC: 14    Str: 24    XL:     11   Next: 36%
Magic:  19/19      EV:  5    Int:  8    God:    Makhleb [**....]
Gold:   503        SH:  8    Dex: 10    Spells: 10/10 levels left

rFire   . . .      SeeInvis .   D - +0 broad axe
rCold   . . .      Faith    .   R - +0 kite shield {reflect}
rNeg    . . .      Spirit   .   G - +0 shadow dragon scales
rPois   +          Reflect  +   k - +1 helmet
rElec   .          Harm     .   (no cloak)
rCorr   .          Rampage  .   (no gloves)
Will    +....                   M - +0 pair of boots
Stlth   ++........              (no amulet)
HPRegen 0.27/turn               o - ring of poison resistance
MPRegen 0.16/turn               Q - ring of willpower

@: studying Fighting
A: no striking features
a: Renounce Religion, Minor Destruction


You were on level 12 of the Dungeon.
You worshipped Makhleb.
Makhleb was pleased with you.
You visited 1 branch of the dungeon, and saw 12 of its levels.

You collected 503 gold pieces.

Inventory:

Hand Weapons
 a - a +0 war axe
 t - a +0 flail
 B - a +5 quarterstaff
 D - a +0 broad axe (weapon)
 F - a +2 whip of electrocution
 H - a +0 shortbow
 O - a +1 trident of venom
Missiles
 e - 361 stones
 u - a boomerang
 w - 3 datura-tipped darts
 x - 253 arrows
 y - 35 bolts
 A - 58 poisoned darts
 C - 30 sling bullets
Armour
 c - a +0 buckler
 k - a +1 helmet (worn)
 G - +0 shadow dragon scales (worn)
 K - the +1 ring mail of the Blue Skies {Dex+3}
   (You found it on level 8 of the Dungeon)

   Dex:       It affects your dexterity (+3).
 M - a +0 pair of boots (worn)
 P - the +0 ring mail "Yffapug" {rN+}
   (You found it on level 11 of the Dungeon)

   rN:        It protects you from negative energy.
 R - a +0 kite shield of reflection (worn)
Jewellery
 o - a ring of poison resistance (left hand)
 Q - a ring of willpower (right hand)
Wands
 j - a wand of acid (22)
 I - a wand of flame (22)
 L - a wand of polymorph (1)
Scrolls
 b - 4 scrolls of fear
 i - a scroll of torment
 l - 2 scrolls of magic mapping
 m - 3 scrolls of fog
 p - a scroll of blinking
 r - 5 scrolls of teleportation
 v - a scroll of noise
Potions
 d - a potion of resistance
 f - 3 potions of curing
 g - 3 potions of brilliance
 h - 2 potions of attraction
 n - a potion of lignification
 q - 3 potions of mutation
 s - 3 potions of haste
 z - 4 potions of flight {unknown}
 E - a potion of heal wounds {unknown}
 J - a potion of ambrosia {unknown}
 N - a potion of berserk rage {unknown}


   Skills:
 + Level 11.3 Fighting
 + Level 15.4 Axes
 + Level 3.5 Armour
 + Level 3.4 Shields
 + Level 11.5 Invocations
 + Level 0.6 Evocations


You had 10 spell levels left.
You didn't know any spells.
Your spell library contained the following spells:

 Spells                   Type           Power      Damage    Failure   Level
 Ensorcelled Hibernation  Hex/Ice        0%         N/A       100%        2
 Scorch                   Fire           0%         2d5       100%        2
 Sublimation of Blood     Necr           0%         N/A       100%        2
 Wereblood                Tmut           0%         N/A       100%        2
 Inner Flame              Hex/Fire       0%         N/A       100%        3
 Spider Form              Tmut/Pois      0%         N/A       100%        3
 Tukima's Dance           Hex            0%         N/A       100%        3
 Cause Fear               Hex            0%         N/A       100%        4
 Flame Wave               Conj/Fire      0%         2d4       100%        4
 Passage of Golubria      Tloc           0%         N/A       100%        4
 Petrify                  Tmut/Erth      0%         N/A       100%        4
 Irradiate                Conj/Tmut      0%         3d13      100%        5
 Yara's Violent Unravell  Hex/Tmut       0%         3d3       100%        5
 Summon Cactus Giant      Summ           0%         N/A       100%        6
 Summon Hydra             Summ           0%         N/A       100%        7
 Discord                  Hex            0%         N/A       100%        8


Dungeon Overview and Level Annotations

Branches:
Dungeon (12/15)            Temple (0/1) D:5            Lair (0/6) D:9
    Orc (0/2) D:10

Altars:
Ashenzari
Dithmenos
Elyvilon
Hepliaklqana
Kikubaaqudgha
Makhleb
Sif Muna
Trog
Zin


Message History

You hit the centaur.
The centaur hits you but does no damage.
The centaur kicks you but does no damage.
The white ugly thing closely misses you.
The centaur hits you but does no damage.
The centaur kicks you but does no damage.
You slash the white ugly thing!
The white ugly thing is severely wounded.
You slash the centaur!
You kill the centaur!
Makhleb accepts your kill. The white ugly thing claws you.
The white ugly thing freezes you!! You block the centaur's attack.
The centaur kicks you but does no damage.
The centaur wields a +2 shortbow of freezing.
It is covered in frost.
The centaur shoots an arrow.
The arrow hits you but does no damage.
Your shield prevents you from hitting the white ugly thing.
The white ugly thing is heavily wounded.
The white ugly thing claws you but does no damage.
You hit the white ugly thing.
The white ugly thing is heavily wounded.
The white ugly thing claws you but does no damage.
The white ugly thing barely misses you.
You barely miss the white ugly thing.
The white ugly thing is heavily wounded.
The white ugly thing claws you but does no damage.
You slice the white ugly thing!!
The white ugly thing is almost dead.
You block the white ugly thing's attack.
You hit the white ugly thing.
The white ugly thing is almost dead.
The white ugly thing claws you. The white ugly thing freezes you!!
* * * LOW HITPOINT WARNING * * *
You completely miss the white ugly thing.
The white ugly thing is almost dead.
The white ugly thing claws you.
* * * LOW HITPOINT WARNING * * *
The white ugly thing freezes you!!
You die...

.#### . ....# ..
#....# ... ##....#
... #.....# ..
#.....#
#.#######.<...#
#.cu@.........#
#.)#####......# +..
#......####### #..
#...>......... +..
#...)......... #..
#....#'###.... #..
#....#...+....
...#####....#...#....
..........#...#....


You could see a white ugly thing and a centaur.

Vanquished Creatures
  2 two-headed ogres
  A gargoyle (D:12)
  A komodo dragon (D:11)
  2 trolls
  2 hornets
  2 wraiths (D:11)
  4 yaks (D:10)
  An acid dragon (D:9)
  A water moccasin (D:6)
  A sky beast (D:7)
  A black bear (D:3)
  2 ice beasts (D:7)
  3 orc warriors
  4 necrophages
  8 ogres
  10 centaurs
  5 kobold brigands
  Blork the orc (D:5)
  3 gnoll sergeants (D:10)
  A bullfrog (D:8)
  A scorpion (D:4)
  A water moccasin zombie (D:5)
  7 killer bees (D:9)
  7 wights (D:9)
  4 howler monkeys
  A bullfrog zombie (D:5)
  3 centaur zombies
  2 hounds (D:5)
  A jelly (D:8)
  An orc priest (D:8)
  A gnoll shaman (D:9)
  4 iguanas
  A scorpion zombie (D:5)
  A hound skeleton (D:5)
  A howler monkey zombie (D:10)
  7 gnolls
  6 adders
  A shadow imp (D:6)
  2 ufetubi (D:4)
  2 worms
  A dart slug (D:2)
  21 orcs
  4 bats
  7 endoplasms
  2 giant cockroaches (D:1)
  12 goblins
  10 hobgoblins
  7 jackals (D:3)
  6 quokkas
  7 ball pythons
  5 frilled lizards
  26 kobolds
  7 rats
224 creatures vanquished.

Vanquished Creatures (others)
  2 fungi (D:9)
  8 plants
10 creatures vanquished.

Grand Total: 234 creatures vanquished

Notes
Turn   | Place    | Note
-------+----------+-------------------------------------------
     0 | D:1      | mcbry74 the Hill Orc Fighter began the quest for the Orb.
     0 | D:1      | Reached XP level 1. HP: 19/19 MP: 1/1
    16 | D:1      | Reached skill level 3 in Axes
   142 | D:1      | Reached XP level 2. HP: 23/26 MP: 2/2
   147 | D:1      | Reached skill level 4 in Axes
   614 | D:1      | Reached XP level 3. HP: 31/31 MP: 3/3
   778 | D:2      | Reached skill level 5 in Axes
  1332 | D:2      | Reached XP level 4. HP: 39/39 MP: 4/4
  1533 | D:2      | Found a faded altar of an unknown god.
  1801 | D:3      | Reached skill level 6 in Axes
  2743 | D:3      | Reached XP level 5. HP: 38/45 MP: 5/5
  2895 | D:3      | Noticed a black bear
  2903 | D:3      | Killed a black bear
  2904 | D:3      | Reached skill level 7 in Axes
  3125 | D:4      | Reached skill level 8 in Axes
  3127 | D:4      | Noticed an ogre
  3134 | D:4      | Killed an ogre
  3135 | D:4      | Reached XP level 6. HP: 50/51 MP: 6/6
  3234 | D:4      | Noticed a necrophage
  3243 | D:4      | Killed a necrophage
  3244 | D:4      | Reached skill level 9 in Axes
  3319 | D:4      | Reached XP level 7. HP: 51/57 MP: 7/7
  3657 | D:4      | Reached skill level 10 in Axes
  3800 | D:5      | Entered Level 5 of the Dungeon
  3882 | D:5      | Found a burning altar of Makhleb.
  3896 | D:5      | Became a worshipper of Makhleb the Destroyer
  3929 | D:5      | Reached skill level 1 in Invocations
  4078 | D:5      | Found a staircase to the Ecumenical Temple.
  4083 | D:5      | Reached skill level 11 in Axes
  4109 | D:5      | Found a shadowy altar of Dithmenos.
  4163 | D:5      | Reached XP level 8. HP: 53/67 MP: 9/9
  4255 | D:5      | Noticed a hornet
  4488 | D:5      | Killed a hornet
  4489 | D:5      | Reached skill level 5 in Fighting
  4841 | D:5      | Found a broken altar of Ashenzari.
  4921 | D:5      | Noticed Blork the orc
  4940 | D:5      | Killed Blork the orc
  5005 | D:5      | Found a faded altar of an unknown god.
  5007 | D:5      | Found a hazy altar of Hepliaklqana.
  5500 | D:6      | Reached skill level 5 in Invocations
  6058 | D:6      | Reached skill level 12 in Axes
  6520 | D:7      | Reached XP level 9. HP: 44/78 MP: 13/13
  6732 | D:7      | Found a bloodstained altar of Trog.
  7396 | D:7      | Reached * piety under Makhleb
  8009 | D:8      | Identified the +1 ring mail of the Blue Skies {Dex+3}
  8439 | D:8      | Found an ancient bone altar of Kikubaaqudgha.
  8452 | D:8      | Reached skill level 13 in Axes
  9426 | D:9      | Noticed a two-headed ogre
  9439 | D:9      | Killed a two-headed ogre
  9440 | D:9      | Reached XP level 10. HP: 66/91 MP: 16/16
  9766 | D:9      | Found a staircase to the Lair.
  9847 | D:9      | Reached ** piety under Makhleb
 10268 | D:9      | Reached skill level 14 in Axes
 10882 | D:10     | Entered Level 10 of the Dungeon
 10964 | D:10     | Found a white marble altar of Elyvilon.
 11030 | D:10     | Found a glowing silver altar of Zin.
 11351 | D:10     | Found a staircase to the Orcish Mines.
 11385 | D:9      | Reached skill level 10 in Fighting
 11696 | D:10     | Reached skill level 10 in Invocations
 12528 | D:10     | Found a shimmering blue altar of Sif Muna.
 12630 | D:11     | Reached XP level 11. HP: 85/101 MP: 17/19
 12802 | D:11     | Identified the +0 ring mail "Yffapug" {rN+}
 12865 | D:11     | Reached skill level 15 in Axes
 13266 | D:11     | Noticed a two-headed ogre
 13273 | D:11     | Killed a two-headed ogre
 13325 | D:11     | Identified 2 scrolls of acquirement
 13325 | D:11     | Acquired a +0 kite shield of reflection
 13337 | D:11     | Acquired a manual of Fighting
 13799 | D:12     | Noticed a white ugly thing
 13813 | D:12     | Demolished by a white ugly thing

Illustrated notes

Levels and vault maps discovered:
D:1:      dpeg_arrival_rooms_b, layout_rooms, lemuel_old_faithful
D:2:      layout_basic, ebering_ecumenical_altar_box, minmay_misc_feat_roman,
          grunt_ministairs_3, chequers_big_river
D:3:      corexii_shack_village, layout_loops_corners, mrwooster_statue_mirror,
          ebering_dispersal_statue_hall
D:4:      layout_rooms, minmay_misc_feat_encased, minivault_24
D:5:      layout_cave_pools, ashenzari_conservatory_becter,
          beargit_hepliaklqana_dungeon_heroes, nicolae_dithmenos_the_darkroom,
          makhleb_heckhound_becter, minmay_temple_entry_glass, serial_glass,
          glass_columns_a, glass_columns_a
D:6:      layout_cave_pods
D:7:      layout_layer_cave, nicolae_overflow_crystal_walls
D:8:      layout_gridville, mainiacjoe_overflow_alcove_2
D:9:      layout_basic, dpeg_oklobed_lair
D:10:     layout_small_grid, elyvilon_altar_5, zin_academy,
          lemuel_blue_sif_altar, kennysheep_orc_monster_closet_entryway
D:11:     layout_roguey
D:12:     layout_irregular_city, xom_confusion_cloud

Skill      XL: |  1  2  3  4  5  6  7  8  9 10 11 |
---------------+----------------------------------+-----
Axes           | 3 4 5 6 8 9 11 12 13 14 15 | 15.4
Invocations    | 2 5 8 10 11 | 11.5
Fighting       | 4 6 9 10 11 | 11.3
Armour         | |  3.5
Shields        | |  3.4
Evocations     | |  0.6

Action                   |  1- 3 |  4- 6 |  7- 9 | 10-12 || total
-------------------------+-------+-------+-------+-------++-------
Melee: War axe           |    77 |   135 |   124 |       ||   336
       Broad axe         |       |       |   181 |   221 ||   402
Throw: Boomerang         |       |    10 |     7 |     8 ||    25
       Dart              |       |       |    17 |     3 ||    20
Invok: Minor Destruction |       |       |       |    15 ||    15
Evoke: Wand              |       |       |       |     1 ||     1
  Use: Scroll            |       |       |    18 |     2 ||    20
       Potion            |       |       |     2 |     1 ||     3
Armor: Scale mail        |    45 |    69 |    85 |       ||   199
       Skin              |       |       |     5 |     3 ||     8
       Ring mail         |       |       |    33 |    68 ||   101
       Shadow dragon sca |       |       |       |    25 ||    25
Dodge: Dodged            |    39 |    65 |   139 |    97 ||   340
Block: Buckler           |    16 |    44 |    56 |    42 ||   158
       Kite shield       |       |       |       |     8 ||     8
       Reflection        |       |       |       |     2 ||     2

Table legend: (Time is in decaauts)
 A = Elapsed time spent in this place.
 B = Non-inter-level travel time spent in this place.
 C = Inter-level travel time spent in this place.
 D = Time resting spent in this place.
 E = Time spent auto-exploring this place.
 F = Levels seen in this place.
 G = Mean time per level.
                   A        B        C        D        E       F      G
               +--------+--------+--------+--------+--------+-----+--------+
         Total |  13860 |  13520 |    340 |   4507 |   6683 |  12 | 1155.0 |
       Dungeon |  13860 |  13520 |    340 |   4507 |   6683 |  12 | 1155.0 |
               +--------+--------+--------+--------+--------+-----+--------+

Top non-repeatable levels by time:
     D:9: 2437 daAuts
     D:7: 1518 daAuts
     D:3: 1399 daAuts
     D:5: 1372 daAuts
     D:6: 1292 daAuts
    D:10: 1192 daAuts
     D:2: 1126 daAuts
    D:11: 1059 daAuts
     D:8: 926 daAuts
     D:4: 689 daAuts
     D:1: 646 daAuts
    D:12: 198 daAuts
